 Dungeon Crawl Stone Soup version 0.20-a0-772-g73021bd (webtiles) character file.

639 Kriby the Thaumaturge (level 7, 0/36 HPs)
             Began as a Deep Elf Conjurer on Feb 27, 2017.
             Was a Follower of Sif Muna.
             Splashed by Edmund's acid (13 damage)
             ... on level 5 of the Dungeon.
             The game lasted 00:09:57 (5017 turns).

Kriby the Thaumaturge (Deep Elf Conjurer)           Turns: 5017, Time: 00:09:57

Health: 0/36       AC:  4    Str:  5    XL:     7   Next: 26%
Magic:  0/20       EV: 13    Int: 22    God:    Sif Muna [*.....]
Gold:   39         SH:  0    Dex: 15    Spells: 15/22 levels left

rFire    . . .     SeeInvis .   f - +2 hand axe (chop)
rCold    . . .     Gourm    .   a - +0 robe
rNeg     . . .     Faith    +   (no shield)
rPois    .         Spirit   .   g - +0 helmet
rElec    .         Reflect  .   o - +0 cloak
rCorr    .         Harm     .   (no gloves)
MR       .....                  (no boots)
Stlth    ++........             j - amulet of faith
Regen    0.2/turn               (no ring)
MPRegen  0.2/turn               (no ring)

@: no status effects
A: no striking features
a: Divine Energy, Renounce Religion


You were on level 5 of the Dungeon.
You worshipped Sif Muna.
Sif Muna was aware of your devotion.
You were not hungry.

You visited 1 branch of the dungeon, and saw 5 of its levels.

You collected 135 gold pieces.
You spent 96 gold pieces at shops.

Inventory:

Hand Weapons
 f - a +2 hand axe of chopping (weapon)
Armour
 a - a +0 robe (worn)
 g - a +0 helmet (worn)
 o - a +0 cloak (worn)
Jewellery
 j - an amulet of faith (around neck)
Scrolls
 e - 7 scrolls of identify
 h - a scroll of enchant weapon {unknown}
 k - a scroll of enchant armour {unknown}
 n - 2 scrolls of remove curse {unknown}
 p - a scroll of teleportation
 q - a scroll of amnesia {unknown}
 s - a scroll of fog {unknown}
 t - a scroll of random uselessness {unknown}
 u - a scroll of blinking {unknown}
Potions
 d - 3 potions of curing {unknown}
 l - 2 potions of might {unknown}
 m - a potion of haste
Books
 b - a book of Conjurations

   Spells                             Type                      Level
   a - Magic Dart                     Conjuration                  1
   b - Searing Ray                    Conjuration                  2
   c - Dazzling Spray                 Conjuration/Hexes            3
   d - Fulminant Prism                Conjuration/Hexes            4
   e - Force Lance                    Conjuration/Translocation    4
   f - Iskenderun's Mystic Blast      Conjuration                  4
 r - a book of Misfortune

   Spells                             Type                      Level
   a - Confusing Touch                Hexes                        1
   b - Confuse                        Hexes                        3
   c - Gell's Gravitas                Translocation                3
   d - Petrify                        Transmutation/Earth          4
   e - Metabolic Englaciation         Hexes/Ice                    5
   f - Yara's Violent Unravelling     Hexes/Transmutation          5
Comestibles
 c - 2 bread rations
 i - 5 meat rations


   Skills:
 - Level 3.1 Dodging
 - Level 3.5 Stealth
 * Level 8.1 Spellcasting
 + Level 6.8 Conjurations


You had 15 spell levels left.
You knew the following spells:

 Your Spells              Type           Power        Failure   Level  Hunger
a - Magic Dart            Conj           ####         1%          1    None
b - Searing Ray           Conj           #####.       1%          2    None
c - Iskenderun's Mystic   Conj           #####...     6%          4    ###....


Dungeon Overview and Level Annotations

Branches:
Dungeon (5/15)
 Temple: D:4-7

Altars:
Cheibriados
Dithmenos
Hepliaklqana
Kikubaaqudgha
Sif Muna
Uskayaw

Shops:
D:4 *   D:5 [[

Annotations:
D:5 Edmund


Message History

The bolt of acid misses you.
It is a wand of acid (?/15).
Casting: Iskenderun's Mystic Blast
Confirm with . or Enter, or press ? or * to list all spells.
Aiming: Iskenderun's Mystic Blast
Press: ? - help, Shift-Dir - straight line, f/p - Edmund
Aim: Edmund, wielding a dire flail of protection, wearing a ring mail and carrying a wand of acid (?/15) {zapped: 1} (moderately wounded)
The orb of energy misses Edmund.
Edmund drinks a potion.
Edmund suddenly seems more agile.
Casting: Iskenderun's Mystic Blast
Confirm with . or Enter, or press ? or * to list all spells.
Aiming: Iskenderun's Mystic Blast
Press: ? - help, Shift-Dir - straight line, f/p - Edmund
Aim: Edmund, wielding a dire flail of protection, wearing a ring mail and carrying a wand of acid (?/15) {zapped: 1} (moderately wounded, unusually agile)
The orb of energy hits Edmund.
Edmund is heavily wounded.
Edmund says, "You wouldn't believe how much I paid for this flail."
Edmund zaps a wand.
The bolt of acid hits you!
Ouch! That really hurt!
You are splashed with acid!
The acid burns!
You die...

.. # #. #.#. # @#. .###
..###... ..#..# #...# #.
#@# #. #.# # #. #.#
.##.########.#####
...........<....#
#..###########.#
######..###########.#####.
..........>................
######.###########.######.


You could see Edmund.

Vanquished Creatures
  A phantom (D:4)
  A scorpion (D:4)
  2 crimson imps (D:5)
  A bullfrog skeleton (D:4)
  3 orc priests
  An iguana (D:4)
  Natasha (thrice) (D:2)
  A worker ant (D:4)
  5 gnolls
  An adder (D:2)
  3 worms
  2 dart slugs
  6 leopard geckos
  12 orcs
  2 ball pythons
  2 giant cockroaches
  12 goblins
  11 hobgoblins
  8 jackals
  12 kobolds
  A ball python skeleton (D:4)
  14 bats
  2 frilled lizards
  A leopard gecko skeleton (D:4)
  6 rats
113 creatures vanquished.

Notes
Turn   | Place    | Note
-------+----------+-------------------------------------------
     0 | D:1      | Kriby the Deep Elf Conjurer began the quest for the Orb.
     0 | D:1      | Reached XP level 1. HP: 10/10 MP: 6/6
   179 | D:1      | Reached XP level 2. HP: 15/15 MP: 6/8
   673 | D:1      | Learned a level 2 spell: Searing Ray
   747 | D:1      | Reached XP level 3. HP: 19/19 MP: 8/10
  1074 | D:2      | Noticed Natasha
  1078 | D:2      | Killed Natasha
  1078 | D:2      | Reached skill level 5 in Conjurations
  1148 | D:2      | Reached XP level 4. HP: 24/24 MP: 2/11
  1356 | D:2      | Reached skill level 4 in Spellcasting
  1471 | D:2      | Noticed Natasha
  1475 | D:2      | Killed Natasha
  1556 | D:2      | Noticed Natasha
  1559 | D:2      | Killed Natasha
  1850 | D:2      | Reached XP level 5. HP: 28/28 MP: 11/14
  1999 | D:2      | Learned a level 4 spell: Iskenderun's Mystic Blast
  2127 | D:2      | Found a deep blue altar of Sif Muna.
  2134 | D:2      | Found a hide-covered altar of Uskayaw.
  2406 | D:2      | Became a worshipper of Sif Muna the Loreminder
  2625 | D:3      | Reached skill level 5 in Spellcasting
  3113 | D:3      | Found a snail-covered altar of Cheibriados.
  3229 | D:3      | Reached skill level 6 in Spellcasting
  3229 | D:3      | Reached XP level 6. HP: 31/32 MP: 3/17
  3334 | D:3      | Found a shadowy altar of Dithmenos.
  3693 | D:4      | Found Uliron's General Store.
  3698 | D:4      | Bought a scroll of teleportation for 36 gold pieces
  3698 | D:4      | Bought a scroll of teleportation for 36 gold pieces
  3698 | D:4      | Bought a scroll of identify for 24 gold pieces
  3709 | D:4      | Found a hazy altar of Hepliaklqana.
  3925 | D:4      | Found an ancient bone altar of Kikubaaqudgha.
  3993 | D:4      | Reached * piety under Sif Muna
  3993 | D:4      | Reached skill level 7 in Spellcasting
  4540 | D:4      | Reached XP level 7. HP: 36/36 MP: 6/20
  4686 | D:5      | Entered Level 5 of the Dungeon
  4686 | D:5      | Found Doockosi's Armour Emporium.
  4686 | D:5      | Noticed a two-headed ogre
  4689 | D:5      | Found Cate's Armour Boutique.
  5005 | D:5      | Reached skill level 8 in Spellcasting
  5014 | D:5      | Noticed Edmund
  5017 | D:5      | Splashed by Edmund's acid

Vault maps used:
D:1:      dpeg_arrival_pits
D:2:      amethyst_overflow_temple_binary, first_bread, uniq_natasha
D:3:      kennysheep_slug_shrine, nicolae_dithmenos_through_a_glass_darkly
D:4:      wad_pebble_path, kiku_gazebo_garden_becter, overflow_temple_1_default,
          serial_shops, kennysheep_little_box
D:5:      minmay_goblin_kobold_castle, lemuel_crystal_altar,
          lemuel_coloured_pillars_altar, serial_shops, shop, shop, uniq_edmund

Skill      XL: |  1  2  3  4  5  6  7 |
---------------+----------------------+-----
Stealth        | 3 |  3.5
Dodging        | 3 |  3.1
Conjurations   | 5 6 |  6.8
Spellcasting   | 4 6 7 8 |  8.1

Action                   |  1- 3 |  4- 6 |  7- 9 || total
-------------------------+-------+-------+-------++-------
 Cast: Magic Dart        |    78 |   104 |    13 ||   195
       Searing Ray       |       |    12 |       ||    12
       Iskenderun's Myst |       |     8 |    12 ||    20
  Use: Scroll            |       |     1 |     2 ||     3
  Eat: Chunk             |     1 |    10 |     1 ||    12
       Royal jelly       |       |       |     1 ||     1
Armor: Robe              |     2 |     2 |     1 ||     5
Dodge: Dodged            |    11 |     5 |     8 ||    24
